 Dungeon Crawl Stone Soup version 0.24-a0-530-g18ba70b503 (webtiles) character file.

Game seed: 15316760277383746850

321 Jannitor the Poker (level 6, -1/49 HPs)
             Began as a Merfolk Monk on Aug 9, 2019.
             Slain by an ogre
             ... wielding a +0 giant club
              (21 damage)
             ... on level 5 of the Dungeon.
             The game lasted 00:07:24 (3031 turns).

Jannitor the Poker (Merfolk Monk)                   Turns: 3031, Time: 00:07:25

Health: -1/49      AC:  9    Str: 14    XL:     6   Next: 46%
Magic:  6/6        EV: 13    Int:  9    God:
Gold:   187        SH:  6    Dex: 16    Spells: 5/5 levels left

rFire    . . .     SeeInvis .   a - +0 spear
rCold    . . .     Gourm    .   n - +0 buckler
rNeg     . . .     Faith    .   k - +0 ring mail
rPois    .         Spirit   .   f - +0 helmet
rElec    .         Reflect  +   p - +2 cloak
rCorr    .         Harm     .   (no gloves)
MR       +....                  (no boots)
Stlth    +.........             d - +2 amulet of reflection
HPRegen  0.16/turn              l - ring of protection from magic
MPRegen  0.10/turn              (no ring)

@: no status effects
A: change form in water, swift swim, stealthy swim
a: no special abilities


You were on level 5 of the Dungeon.
You were hungry.

You visited 1 branch of the dungeon, and saw 5 of its levels.

You collected 187 gold pieces.

Inventory:

Hand Weapons
 a - a +0 spear (weapon)
Armour
 b - a +0 robe
 f - a +0 helmet (worn)
 k - a +0 ring mail (worn)
 n - a +0 buckler (worn)
 p - a +2 cloak (worn)
Jewellery
 d - a +2 amulet of reflection (around neck)
 l - a ring of protection from magic (left hand)
Scrolls
 h - a scroll of identify
Potions
 e - a potion of curing
 g - a potion of lignification
 q - a potion of berserk rage
Comestibles
 c - 5 rations
 i - 3 chunks of flesh


   Skills:
 + Level 4.6 Fighting
 + Level 6.2 Polearms
 + Level 1.6 Armour
 + Level 5.6 Dodging
 - Level 2.1 Stealth
 + Level 2.0 Shields


You had 5 spell levels left.
You didn't know any spells.
Your spell library was empty.

Dungeon Overview and Level Annotations

Branches:
Dungeon (5/15)
 Temple: D:4-7

Altars:
Ru
Uskayaw
Vehumet
Yredelemnul

Annotations:
D:3 Grinder
D:4 Edmund, Robin


Message History

You see here a +0 hand axe.
You barely miss the hobgoblin. You block the hobgoblin's attack.
You hit the hobgoblin.
The hobgoblin is almost dead.
The hobgoblin barely misses you.
You closely miss the hobgoblin.
The hobgoblin is almost dead.
You hit the hobgoblin.
You kill the hobgoblin!
The goblin closely misses you.
Okay, then.
Unknown command.
The goblin hits you but does no damage.
There is a stone staircase leading down here.
Okay, then.
Unknown command.
The goblin closely misses you.
You climb downwards.
The ogre hits you with a +0 giant club!!
You die...

### ..# #..
_... #># ...
#.# ... ###.#
#.# ...# #.#
##.####.#
#.....g.#
#.#####@# #.#
#O######
#.####O#
#......#
#......#
#.####.#
#.##.#.#####.#
#<#
#........O)%.#
..#
#.##.#.s#.####
#.# ..
#.s...... ##.
# #.#..#.### .


You could see an ogre and a goblin.

Vanquished Creatures
  Sigmund (D:3)
  2 orc wizards
  Terence (D:3)
  A worker ant (D:5)
  A gnoll (D:1)
  2 adders (D:2)
  A worm (D:2)
  2 dart slugs
  A leopard gecko (D:1)
  4 orcs
  2 bats
  7 goblins
  8 hobgoblins
  A quokka (D:2)
  2 frilled lizards
  3 kobolds (D:1)
  A quokka skeleton (D:4)
  4 rats
44 creatures vanquished.

Notes
Turn   | Place    | Note
-------+----------+-------------------------------------------
     0 | D:1      | Jannitor the Merfolk Monk began the quest for the Orb.
     0 | D:1      | Reached XP level 1. HP: 18/18 MP: 1/1
   123 | D:1      | Reached XP level 2. HP: 22/24 MP: 2/2
   859 | D:1      | Reached XP level 3. HP: 28/30 MP: 3/3
   863 | D:1      | Reached skill level 5 in Polearms
  1855 | D:2      | Found a basalt altar of Yredelemnul.
  2007 | D:3      | Noticed Terence
  2010 | D:3      | Killed Terence
  2010 | D:3      | Reached XP level 4. HP: 37/37 MP: 4/4
  2480 | D:3      | Noticed Sigmund
  2490 | D:3      | Noticed Grinder
  2500 | D:3      | Killed Sigmund
  2500 | D:3      | Reached skill level 1 in Armour
  2500 | D:3      | Reached skill level 5 in Dodging
  2500 | D:3      | Reached skill level 1 in Shields
  2500 | D:3      | Reached XP level 5. HP: 29/43 MP: 5/5
  2500 | D:3      | Reached XP level 6. HP: 33/49 MP: 6/6
  2610 | D:3      | Paralysed by Grinder for 6 turns
  2618 | D:3      | HP: 2/73 [Grinder (4)]
  2638 | D:4      | Noticed Robin
  2647 | D:4      | Noticed Edmund
  2664 | D:4      | Reached skill level 6 in Polearms
  2666 | D:4      | Found a sacrificial altar of Ru.
  2666 | D:4      | Found a radiant altar of Vehumet.
  2858 | D:5      | Entered Level 5 of the Dungeon
  2858 | D:5      | Found a hide-covered altar of Uskayaw.
  3031 | D:5      | Slain by an ogre

Levels and vault maps discovered:
D:1:      dpeg_arrival_chase, layout_basic, st_stairs_7, minmay_statues_item
D:2:      layout_basic, lemuel_coloured_pillars_altar
D:3:      layout_basic, first_ration, uniq_terence, uniq_grinder, uniq_sigmund
D:4:      layout_rooms, grunt_temple_overflow_open, serial_shops, shop,
          uniq_edmund, uniq_robin
D:5:      layout_loops_ring, kennysheep_vampire_church,
          minmay_temple_entry_glassed_door, serial_shops, shop, basic_altar

Skill      XL: |  1  2  3  4  5  6 |
---------------+-------------------+-----
Polearms       | 5 6 |  6.2
Fighting       | 4 |  4.6
Armour         | 1 |  1.6
Dodging        | 5 |  5.6
Shields        | 1 2 |  2.0
Stealth        | |  2.1

Action                   |  1- 3 |  4- 6 || total
-------------------------+-------+-------++-------
Melee: Spear             |   111 |   148 ||   259
Evoke: Wand              |     1 |    14 ||    15
  Use: Scroll            |       |     7 ||     7
       Potion            |       |     5 ||     5
 Stab: Sleeping          |     2 |       ||     2
       Invisible         |       |     5 ||     5
  Eat: Chunk             |     2 |     4 ||     6
Armor: Ring mail         |    11 |    40 ||    51
       Robe              |     3 |       ||     3
       Skin              |       |    21 ||    21
Dodge: Dodged            |    47 |    62 ||   109
Block: Buckler           |     4 |    30 ||    34

Table legend:
 A = Non-vault XP
 B = Vault XP
 C = Vault XP percentage of total XP
 D = Non-vault monster count
 E = Vault monster count
 F = Vault count percentage of total count
                 A         B        C        D         E       F
            +---------+---------+-------+---------+---------+-------
      Total |     196 |     263 |  57.3 |      30 |      14 |  31.8
            +---------+---------+-------+---------+---------+-------
        D:1 |      32 |       6 |  15.8 |      12 |       3 |  20.0
        D:2 |      46 |       0 |   0.0 |      10 |       0 |   0.0
        D:3 |       4 |     240 |  98.4 |       2 |       2 |  50.0
        D:4 |      36 |      12 |  25.0 |       2 |       6 |  75.0
        D:5 |      78 |       5 |   6.0 |       4 |       3 |  42.9
            +---------+---------+-------+---------+---------+-------
